 Dungeon Crawl Stone Soup version 0.20.1-1-g8b1a95d (webtiles) character file.

542 empire the Covered (level 7, -12/61 HPs)
             Began as a Minotaur Fighter on July 12, 2017.
             Killed from afar by Dowan (23 damage)
             ... with a shard of ice
             ... on level 4 of the Dungeon.
             The game lasted 00:05:29 (2199 turns).

empire the Covered (Minotaur Fighter)               Turns: 2199, Time: 00:05:31

Health: -12/61     AC:  8    Str: 23    XL:     7   Next: 6%
Magic:  6/6        EV:  9    Int:  5    God:
Gold:   128        SH: 10    Dex:  9    Spells: 6/6 levels left

rFire    . . .     SeeInvis .   a - +0 long sword
rCold    . . .     Gourm    .   c - +0 shield
rNeg     . . .     Faith    .   b - +0 scale mail
rPois    .         Spirit   .   (helmet restricted)
rElec    .         Reflect  .   (no cloak)
rCorr    .         Harm     .   u - +0 pair of gloves
MR       .....                  (no boots)
Stlth    ..........             (no amulet)
Regen    0.2/turn               (no ring)
MPRegen  0.1/turn               (no ring)

@: no status effects
A: retaliatory headbutt, horns 2
a: no special abilities


You were on level 4 of the Dungeon.
You were hungry.

You visited 1 branch of the dungeon, and saw 4 of its levels.

You collected 128 gold pieces.

Inventory:

Hand Weapons
 a - a +0 long sword (weapon)
Missiles
 d - 8 silver tomahawks
 n - 4 javelins (quivered)
Armour
 b - a +0 scale mail (worn)
 c - a +0 shield (worn)
 j - a +0 plate armour
 u - a +0 pair of gloves (worn)
Scrolls
 k - 6 scrolls of teleportation {unknown}
 m - a scroll of magic mapping {unknown}
 q - a scroll of immolation {unknown}
 r - a scroll of identify {unknown}
 s - a scroll of blinking {unknown}
 v - a scroll of recharging {unknown}
Potions
 o - a potion of berserk rage {unknown}
 p - a potion of ambrosia {unknown}
Comestibles
 f - 3 bread rations
 g - a fruit
 i - 3 royal jellies
 l - 2 meat rations


   Skills:
 + Level 5.2 Fighting
 * Level 5.2 Long Blades
 + Level 5.3 Armour
 + Level 3.1 Dodging
 + Level 5.1 Shields


You had 6 spell levels left.
You didn't know any spells.

Dungeon Overview and Level Annotations

Branches:
Dungeon (4/15)
 Temple: D:4-7

Altars:

Annotations:
D:4 Dowan


Innate Abilities, Weirdness & Mutations

You reflexively headbutt those who attack you in melee.
You have a pair of horns on your head.


Message History

Dowan hits you but does no damage.
You closely miss Dowan.
Dowan is moderately wounded.
Dowan closely misses you. You furiously retaliate!
You headbutt Dowan.
Dowan breathes, "And she was my only..."
Dowan hits you but does no damage.
You closely miss Dowan. You headbutt Dowan, but do no damage.
Dowan is heavily wounded.
Dowan closely misses you. You furiously retaliate!
You headbutt Dowan, but do no damage. Dowan casts a spell at you.
The shard of ice hits you!
* * * LOW HITPOINT WARNING * * *
It was a potion of magic.
Magic courses through your body. Dowan casts a spell at you.
The stone arrow hits you!
Dowan says, "How can I live without her?"
Dowan casts a spell at you. The shard of ice hits you!
You die...

#..# ..### ....# ###.>.
.####....#########
...!.....#≈≈≈≈≈≈≈#
......e..#≈..#..≈#
...<.....#≈.....≈#### .#
.........')#...#@e..# ..#
.........#≈.....≈#..######..#
.........#≈..#..≈#...........
.........#≈≈≈≈≈≈≈#...........
.........#########....<......
.......... ...............
..>........ #.#.............
......####. #.....<.......
######........


You could see Dowan.

Vanquished Creatures
  The ghost of appiemonkey the Digger, an amateur GrEE (D:3)
  Duvessa (D:4)
  An ice beast (D:3)
  A centaur skeleton (D:4)
  An orc wizard (D:3)
  An iguana (D:4)
  5 adders
  2 worms
  A dart slug (D:1)
  2 leopard geckos
  4 orcs (D:3)
  2 ball pythons
  5 bats
  3 giant cockroaches
  7 goblins
  5 hobgoblins
  4 jackals (D:3)
  4 quokkas
  3 frilled lizards (D:2)
  12 kobolds
  6 rats
71 creatures vanquished.

Notes
Turn   | Place    | Note
-------+----------+-------------------------------------------
     0 | D:1      | empire the Minotaur Fighter began the quest for the Orb.
     0 | D:1      | Reached XP level 1. HP: 19/19 MP: 0/0
   106 | D:1      | Reached XP level 2. HP: 27/27 MP: 1/1
   599 | D:2      | Reached skill level 1 in Dodging
   599 | D:2      | Reached XP level 3. HP: 27/33 MP: 2/2
   780 | D:2      | Reached XP level 4. HP: 32/40 MP: 3/3
  1368 | D:3      | Noticed appiemonkey's ghost (amateur GrEE)
  1384 | D:3      | Killed appiemonkey's ghost
  1384 | D:3      | Reached XP level 5. HP: 14/47 MP: 4/4
  1612 | D:3      | Noticed an ice beast
  1620 | D:3      | Killed an ice beast
  1620 | D:3      | Reached skill level 5 in Armour
  1620 | D:3      | Reached XP level 6. HP: 24/55 MP: 5/5
  1836 | D:3      | Reached skill level 5 in Fighting
  2137 | D:4      | Reached skill level 5 in Long Blades
  2137 | D:4      | Reached skill level 5 in Shields
  2148 | D:4      | Noticed Duvessa
  2148 | D:4      | Noticed Dowan
  2173 | D:4      | Killed Duvessa
  2173 | D:4      | Reached XP level 7. HP: 32/61 MP: 6/6
  2199 | D:4      | Killed from afar by Dowan

Skill      XL: |  1  2  3  4  5  6 |
---------------+-------------------+-----
Armour         | 4 5 |  5.3
Dodging        | 1 2 3 |  3.1
Shields        | 4 5 |  5.1
Fighting       | 4 5 |  5.2
Long Blades    | 3 4 5 |  5.2

Action                   |  1- 3 |  4- 6 |  7- 9 || total
-------------------------+-------+-------+-------++-------
Melee: Long sword        |    81 |   111 |     6 ||   198
       Headbutt          |    10 |    26 |     1 ||    37
  Use: Potion            |     3 |     2 |     1 ||     6
  Eat: Chunk             |       |     4 |       ||     4
Armor: Scale mail        |    33 |    55 |     5 ||    93
Dodge: Dodged            |    33 |    37 |     4 ||    74
Block: Shield            |    44 |    54 |     1 ||    99
       Rpst.: Long sword |    10 |    12 |       ||    22
